 Dungeon Crawl Stone Soup version 0.30-a0-737-gf23d94013f (webtiles) character file.

Game seed: 2269579515310244383

6689 mopl the Thaumaturge (level 10, -5/63 HPs)
             Began as a Mummy Fire Elementalist on Feb 2, 2023.
             Was an Elder of Vehumet.
             Shot with an arrow by a centaur (10 damage)
             ... on level 10 of the Dungeon.
             The game lasted 00:18:14 (10447 turns).

mopl the Thaumaturge (Mummy Fire Elementalist)     Turns: 10447, Time: 00:18:15

Health: -5/63      AC: 10    Str: 12    XL:     10   Next: 74%
Magic:  17/33      EV: 12    Int: 22    God:    Vehumet [****..]
Gold:   214        SH:  6    Dex: 19    Spells: 16/29 levels left

rFire   x . .      SeeInvis .    a - +6 mace "Sugym" {venom, MP+9 Int+4}
rCold   + . .      Faith    +    y - +0 buckler
rNeg    + + +      Spirit   .    B - +0 steam dragon scales
rPois   ∞          Reflect  .    (no helmet)
rElec   .          Harm     .    e - +0 cloak
rCorr   .          Rampage  +    G - +2 pair of gloves
Will    +....                    b - +0 pair of boots {rampage}
Stlth   ++                       (no amulet)
HPRegen 0.30/turn                x - +6 ring of dexterity
MPRegen 0.23/turn                d - ring of wizardry

@: no status effects
A: cold resistance 1, negative energy resistance 3, torment resistance 2, heat
vulnerability 1, in touch with death 1, no potions, faith
a: Renounce Religion


You were on level 10 of the Dungeon.
You worshipped Vehumet.
Vehumet was greatly pleased with you.
You visited 2 branches of the dungeon, and saw 13 of its levels.
You also visited: Ossuary.

You collected 641 gold pieces.
You spent 427 gold pieces at shops.

Inventory:

Hand Weapons
 a - the +6 mace "Sugym" (weapon) {venom, MP+9 Int+4}
   (You found it on level 3 of the Dungeon)

   Int:       It affects your intelligence (+4).
   MP:        It affects your magic capacity (+9).
 f - a +0 flail
 i - a +1 rapier of venom
 C - a +3 scimitar of flaming
Missiles
 s - 2 boomerangs
 z - 6 poisoned darts
 F - 2 throwing nets
Armour
 b - a +0 pair of boots of rampaging (worn)
 e - a +0 cloak (worn)
 y - a +0 buckler (worn)
 B - +0 steam dragon scales (worn)
 D - +0 acid dragon scales
 E - a +0 robe of willpower
 G - a +2 pair of gloves (worn)
Jewellery
 d - a ring of wizardry (right hand)
 x - a +6 ring of dexterity (left hand)
Wands
 m - a wand of digging (6)
 r - a wand of iceblast (29)
 u - a wand of flame (9)
 v - a wand of mindburst (6)
 w - a wand of charming (19)
 H - a wand of quicksilver (4)
Scrolls
 c - 2 scrolls of enchant armour
 g - 4 scrolls of acquirement {unknown}
 h - 3 scrolls of vulnerability {unknown}
 j - a scroll of teleportation
 k - 4 scrolls of magic mapping {unknown}
 l - a scroll of fear
 n - 4 scrolls of blinking {unknown}
 o - 2 scrolls of fog {unknown}
 p - 3 scrolls of poison {unknown}
 q - 3 scrolls of enchant weapon
 t - a scroll of butterflies
 A - 2 scrolls of amnesia
 I - a scroll of immolation


   Skills:
 - Level 1.5 Dodging
 - Level 1.5 Stealth
 - Level 4.0 Shields
 + Level 10.0 Spellcasting
 + Level 6.8 Conjurations
 - Level 2.0 Translocations
 + Level 7.3 Fire Magic
 - Level 2.0 Air Magic
 + Level 4.7 Evocations


You had 16 spell levels left.
You knew the following spells:

 Your Spells              Type           Power      Damage    Failure   Level
a - Stone Arrow           Conj/Erth      52%        3d10      1%          3
b - Scorch                Fire           86%        2d9       1%          2
c - Kindle Blastsparks    Fire/Tloc/Air  54%        2d14      1%          3
d - Flame Wave            Conj/Fire      42%        2d11      1%          4
e - Foxfire               Conj/Fire      100%       2x1d9     1%          1

Your spell library contained the following spells:

 Spells                   Type           Power      Damage    Failure   Level
 Hailstorm                Conj/Ice       26%        3d7       1%          3
 Sandblast                Erth           22%        2d7       1%          1
 Inner Flame              Hex/Fire       27%        N/A       1%          3
 Ensorcelled Hibernation  Hex/Ice        22%        N/A       4%          2
 Passwall                 Tmut/Erth      9%         N/A       4%          2
 Swiftness                Air            19%        N/A       4%          3
 Ozocubu's Armour         Ice            11%        N/A       9%          3
 Cause Fear               Hex            5%         N/A       28%         4
 Summon Cactus Giant      Summ           5%         N/A       98%         6
 Ozocubu's Refrigeration  Ice            5%         4d8       99%         7
 Discord                  Hex            5%         N/A       100%        8


Dungeon Overview and Level Annotations

Branches:
Dungeon (12/15)            Temple (1/1) D:5            Lair (0/5) D:9
    Orc (0/2) D:9         Ossuary (visited)

Altars:
Ashenzari
Cheibriados
Dithmenos
Fedhas
Gozag
Hepliaklqana
Kikubaaqudgha
Makhleb
Nemelex Xobeh
Okawaru
Qazlal
Ru
Sif Muna
Trog
Uskayaw
Vehumet
Wu Jian
Xom
Yredelemnul

Shops:
D:4 [*   D:5 (   D:9 [([

Annotations:
D:3 1 transporter, DavidChitty2's ghost, amateur MiFi


Innate Abilities, Weirdness & Mutations

You are immune to poison.
Your flesh is cold resistant. (rC+)
You are immune to negative energy. (rN+++)
You are immune to unholy pain and torment.
You are vulnerable to heat. (rF-)
You are in touch with the powers of death.
You do not drink.
You have a special connection with the divine. (Faith)


Message History

(Press . to intensify the flame waves.)
You hear a roar!
The centaur shoots an arrow.
The arrow closely misses you.
The orc wizard gestures at you while chanting.
The puff of flame hits you but does no damage.
The orc priest barely misses you.
The orc warrior hits you from afar with a +0 glaive.
A wave of flame ripples out!
The flame wave engulfs the orc wizard!
The orc wizard is burned terribly!
You kill the orc wizard!
Vehumet accepts your kill.
You feel your power returning.
The flame wave engulfs the orc priest!!
You kill the orc priest!
Vehumet accepts your kill.
You feel your power returning.
The flame wave engulfs the orc warrior but does no damage.
The centaur shoots an arrow.
The arrow hits you!
The orc warrior hits you from afar with a +0 glaive!
* * * LOW HITPOINT WARNING * * *
Aiming: Charm
Press: ? - help, Shift-Dir - straight line, f - orc warrior
Aim: an orc warrior, wielding a +0 glaive, wearing a +0 chain mail and quivering boomerangs (chance to affect: 61%)
The orc warrior is charmed.
The centaur shoots an arrow.
The arrow barely misses you.
The centaur shoots an arrow.
The arrow hits you!
* * * LOW HITPOINT WARNING * * *
What are your orders? t - Shout!
Orders for allies: a - Attack new target. p - Attack previous target. r - Retreat! s - Stop attacking. g - Guard the area. f - Follow me.
Anything else - Cancel.
Gang up on whom?
Press: ? - help, Dir - move target, f - centaur, p - orc warrior
Aim: a centaur, wielding a +0 shortbow and quivering stones Attack!
The centaur shoots an arrow.
The arrow hits your orc warrior.
Your orc warrior hits the centaur from afar with a +0 glaive!
The centaur shoots an arrow.
The arrow barely misses your orc warrior.
The arrow hits you!
You die...

##...#..#..##.##.....
#....#.....##.[.....
##.................
##..z##..........#
#.....##......#c.##
#....#..........)..#
###..###....#..)o..###..
...## ##..###.)........
..... ##.#....@.......
##... ##...........>..
#.# #...#.............
## ###.)............#
##.)..........#
#............
##.........##
###........#
#.........##


You could see a centaur (ally target) and a friendly orc warrior (charmed).

Vanquished Creatures
  A manticore (D:9)
  Maggie (D:7)
  A gargoyle (D:10)
  2 hornets (D:8)
  Sigmund (D:5)
  A shadow (D:10)
  3 yaks (D:8)
  2 wyverns (D:10)
  2 steam dragons
  A basilisk (D:9)
  2 vampire mosquitoes (D:10)
  Menkaure (D:5)
  2 orc warriors
  2 sky beasts
  2 ice beasts
  A black bear (D:8)
  2 centaurs
  A phantom (D:5)
  Blork the orc (D:6)
  3 bullfrogs
  An elf zombie (D:8)
  A gnoll sergeant (D:6)
  A necrophage (D:6)
  An elf skeleton (D:8)
  2 scorpions
  3 water moccasin zombies (Ossuary)
  12 wights
  6 howler monkeys
  3 jellies
  A gnoll bouda (D:8)
  4 orc priests
  3 hounds
  A human zombie (D:8)
  A human skeleton (D:8)
  5 iguanas
  6 orc wizards
  3 mummies
  12 adders
  10 gnolls
  2 shadow imps
  2 ufetubi (D:6)
  8 adder zombies (Ossuary)
  A worm (D:3)
  3 dart slugs
  20 orcs
  8 ball pythons
  2 bats
  7 endoplasms
  3 giant cockroaches
  2 gnoll zombies (Ossuary)
  7 goblins
  14 hobgoblins
  2 frilled lizards
  8 hobgoblin zombies
  5 kobolds
  5 kobold zombies (Ossuary)
  An orc skeleton (D:8)
  9 orc zombies
  4 rats
221 creatures vanquished.

Vanquished Creatures (others)
  31 foxfires
31 creatures vanquished.

Grand Total: 252 creatures vanquished

Notes
Turn   | Place    | Note
-------+----------+-------------------------------------------
     0 | D:1      | mopl the Mummy Fire Elementalist began the quest for the
                  | Orb.
     0 | D:1      | Reached XP level 1. HP: 13/13 MP: 4/4
   116 | D:1      | Reached skill level 1 in Conjurations
   233 | D:1      | Reached skill level 3 in Spellcasting
   249 | D:1      | Reached XP level 2. HP: 14/19 MP: 0/6
   403 | D:1      | Learned a level 2 spell: Scorch
   901 | D:2      | Gained mutation: You are in touch with the powers of death.
                  | [Mummy growth]
   901 | D:2      | Reached XP level 3. HP: 22/24 MP: 2/8
  1211 | D:2      | Reached skill level 3 in Fire Magic
  1688 | D:2      | Reached XP level 4. HP: 24/30 MP: 4/9
  1740 | D:2      | Learned a level 3 spell: Kindle Blastsparks
  1980 | D:3      | Reached skill level 2 in Conjurations
  2160 | D:3      | Found a sparkling altar of Nemelex Xobeh.
  2161 | D:3      | Found an ornate altar of the Wu Jian Council.
  2329 | D:3      | Reached skill level 4 in Spellcasting
  2353 | D:3      | Identified the +6 mace "Sugym" {venom, MP+9 Int+4}
  2534 | D:3      | Found a transporter.
  2539 | D:3      | Noticed DavidChitty2's ghost (amateur MiFi)
  2541 | D:3      | Identified the +3 great mace of the Candle {flame, rPois
                  | rCorr}
  2541 | D:3      | Noticed an ogre
  2821 | D:4      | Noticed a bullfrog
  2824 | D:4      | Killed a bullfrog
  2825 | D:4      | Reached skill level 1 in Air Magic
  2825 | D:4      | Reached XP level 5. HP: 35/35 MP: 11/11
  2907 | D:4      | Reached skill level 1 in Translocations
  2926 | D:4      | Found Ocweiw's Assorted Antiques.
  2956 | D:4      | Bought a scroll labelled HUOTEITAFO for 25 gold pieces
  2956 | D:4      | Bought a shiny iron wand for 100 gold pieces
  2979 | D:4      | Found Jeerphur's Antique Armour Emporium.
  3425 | D:4      | Reached XP level 6. HP: 41/41 MP: 12/12
  3834 | D:5      | Entered Level 5 of the Dungeon
  3862 | D:5      | Noticed Sigmund
  4034 | D:5      | Killed Sigmund
  4035 | D:5      | Reached skill level 5 in Spellcasting
  4035 | D:5      | Reached skill level 3 in Conjurations
  4035 | D:5      | Reached skill level 2 in Translocations
  4035 | D:5      | Reached skill level 4 in Fire Magic
  4035 | D:5      | Reached skill level 2 in Air Magic
  4035 | D:5      | Reached XP level 7. HP: 37/46 MP: 14/14
  4147 | D:5      | Noticed Menkaure
  4150 | D:5      | Killed Menkaure
  4156 | D:5      | Found Roimn's Antique Weapon Shoppe.
  4301 | D:5      | Reached skill level 6 in Spellcasting
  4700 | D:5      | Found a staircase to the Ecumenical Temple.
  4708 | Temple   | Entered the Ecumenical Temple
  4718 | Temple   | Became a worshipper of Vehumet
  4792 | D:4      | Bought a twisted silver wand for 100 gold pieces
  5072 | D:6      | Reached XP level 8. HP: 52/52 MP: 17/17
  5255 | D:6      | Noticed Blork the orc
  5260 | D:6      | Killed Blork the orc
  5261 | D:6      | Reached skill level 4 in Conjurations
  5264 | D:6      | Reached skill level 5 in Fire Magic
  5586 | D:6      | Reached skill level 7 in Spellcasting
  6724 | D:6      | Learned a level 4 spell: Flame Wave
  7006 | D:7      | Reached skill level 1 in Shields
  7006 | D:7      | Reached skill level 1 in Evocations
  7224 | D:7      | Reached XP level 9. HP: 57/57 MP: 20/20
  7259 | D:7      | Reached * piety under Vehumet
  7259 | D:7      | Offered knowledge of Magic Dart by Vehumet.
  7260 | D:7      | Reached skill level 5 in Conjurations
  7264 | D:7      | Learned a level 3 spell: Stone Arrow
  7614 | D:7      | Noticed Maggie
  7625 | D:7      | Killed Maggie
  7626 | D:7      | Reached skill level 2 in Shields
  7626 | D:7      | Reached skill level 8 in Spellcasting
  7626 | D:7      | Reached skill level 2 in Evocations
  7942 | D:7      | Reached skill level 6 in Fire Magic
  8317 | D:8      | Found a sand-covered staircase.
  8322 | Ossuary  | Entered an ossuary
  8377 | Ossuary  | Reached ** piety under Vehumet
  8377 | Ossuary  | Offered knowledge of Freeze by Vehumet.
  8536 | Ossuary  | Reached skill level 3 in Shields
  8586 | Ossuary  | Reached skill level 3 in Evocations
  8604 | Ossuary  | Offered knowledge of Poisonous Vapours by Vehumet.
  9012 | D:8      | Reached *** piety under Vehumet
  9115 | D:8      | Reached skill level 9 in Spellcasting
  9115 | D:8      | Reached XP level 10. HP: 52/63 MP: 21/23
  9177 | D:8      | Reached skill level 6 in Conjurations
  9310 | D:9      | Found Lyosuxy's Antique Armour Shoppe.
  9316 | D:9      | Bought a pair of runed boots for 202 gold pieces
  9395 | D:9      | Noticed a manticore
  9401 | D:9      | Offered knowledge of Dazzling Flash by Vehumet.
  9403 | D:9      | Killed a manticore
  9536 | D:9      | Found Othaj's Weapon Boutique.
  9537 | D:9      | Found a staircase to the Orcish Mines.
  9566 | D:9      | Reached skill level 4 in Shields
  9583 | D:9      | Found Jedghomeo's Armour Boutique.
  9656 | D:9      | Reached skill level 4 in Evocations
  9696 | D:9      | Found a stormy altar of Qazlal.
  9696 | D:9      | Found a shimmering altar of Xom.
  9784 | D:9      | Found a staircase to the Lair.
 10063 | D:10     | Entered Level 10 of the Dungeon
 10063 | D:10     | You fall into a shaft and drop 2 floors!
 10103 | D:11     | Noticed a gargoyle
 10113 | D:10     | Reached skill level 7 in Fire Magic
 10113 | D:10     | HP: 3/63 [gargoyle/+0 mace (16)]
 10118 | D:10     | Killed a gargoyle
 10355 | D:10     | Reached **** piety under Vehumet
 10387 | D:10     | Reached skill level 10 in Spellcasting
 10441 | D:10     | Offered knowledge of Hailstorm by Vehumet.
 10447 | D:10     | Shot with an arrow by a centaur

Illustrated notes

Levels and vault maps discovered:
D:1:      enne_arrival_octagon_isle, layout_loops_cross
D:2:      layout_loops_cross, kennysheep_big_empty_room,
          wander_ebering_terrifying_dragon_lair
D:3:      layout_basic, nicolae_overflow_squiral, gammafunk_ghost_smash
D:4:      layout_loops_corners, zin_statuary, serial_shops,
          nicolae_shop_statue_plus, kennysheep_diamond, minmay_mini_ossuary
D:5:      layout_loops_corners, minmay_temple_entry_metal_lava, serial_shops,
          nicolae_diamond_shop, uniq_menkaure, uniq_sigmund
D:6:      layout_layer_cave, uniq_blork_the_orc
D:7:      layout_basic, bh_walls_and_bars, uniq_maggie
D:8:      layout_loops_cross, nicolae_ossuary_entry_catacombs
D:9:      layout_basic, nicolae_overflow_two_pavilions, orc_david_3,
          serial_shops, nicolae_shop_crystal, minivault_20
D:10:     layout_cave_pools, st_stairs_1, uniq_harold
D:11:     old_forge, layout_loops_ring, minmay_shop_chei
D:12:     layout_stronghold, minivault_22
Temple:   sentei_temple_godly_chess

Skill      XL: |  1  2  3  4  5  6  7  8  9 10 |
---------------+-------------------------------+-----
Conjurations   | 1 2 3 4 5 6 |  6.8
Spellcasting   | 3 4 5 6 7 9 10 | 10.0
Fire Magic     | 3 4 5 6 7 |  7.3
Air Magic      | 1 2 |  2.0
Translocations | 1 2 |  2.0
Shields        | 1 3 4 |  4.0
Evocations     | 1 3 4 |  4.7
Dodging        | |  1.5
Stealth        | |  1.5

Action                     |  1- 3 |  4- 6 |  7- 9 | 10-12 || total
---------------------------+-------+-------+-------+-------++-------
  Melee: Unarmed           |    14 |       |       |       ||    14
         Rapier            |       |    18 |       |       ||    18
         Mace              |       |    10 |    40 |     3 ||    53
         Punch             |       |       |     1 |       ||     1
  Throw: Dart              |       |       |       |     1 ||     1
   Cast: Foxfire           |    18 |       |     3 |       ||    21
         Scorch            |    37 |    59 |   205 |    82 ||   383
         Flame Wave        |       |       |     2 |     3 ||     5
         Kindle Blastspark |       |       |     1 |     2 ||     3
  Evoke: Wand              |       |       |       |     5 ||     5
    Use: Scroll            |       |       |     6 |     2 ||     8
   Stab: Sleeping          |       |     2 |     1 |       ||     3
 Armour: Robe              |     9 |    11 |    19 |       ||    39
         Steam dragon scal |       |       |    41 |    29 ||    70
  Dodge: Dodged            |    27 |    42 |    82 |    43 ||   194
  Block: Buckler           |       |       |    31 |    21 ||    52

Table legend: (Time is in decaauts)
 A = Elapsed time spent in this place.
 B = Non-inter-level travel time spent in this place.
 C = Inter-level travel time spent in this place.
 D = Time resting spent in this place.
 E = Time spent auto-exploring this place.
 F = Levels seen in this place.
 G = Mean time per level.
                   A        B        C        D        E       F      G
               +--------+--------+--------+--------+--------+-----+--------+
         Total |  10482 |  10046 |    436 |   2298 |   5959 |  14 |  748.7 |
       Dungeon |  10112 |   9684 |    428 |   2105 |   5920 |  12 |  842.7 |
        Temple |     17 |     10 |      7 |      0 |      0 |   1 |   17.0 |
       Ossuary |    352 |    352 |      0 |    193 |     39 |   1 |  352.0 |
               +--------+--------+--------+--------+--------+-----+--------+

Top non-repeatable levels by time:
     D:6: 1741 daAuts
     D:4: 1304 daAuts
     D:7: 1202 daAuts
     D:5: 1098 daAuts
     D:1: 1010 daAuts
     D:3: 1008 daAuts
     D:8: 900 daAuts
     D:2: 745 daAuts
     D:9: 716 daAuts
 Ossuary: 352 daAuts
    D:10: 338 daAuts
    D:12: 39 daAuts
  Temple: 17 daAuts
    D:11: 4 daAuts
